AoeStats
← BladeY

Arena

510271733Analyzed
1v1 RM · 1d ago on Sep 30, 2026· 33m 50s· 2 players
Game mode
Random Map
Map size
Tiny (2 player)
Population
200
Speed
Normal
Resources
Standard
Victory
Conquest
Starting age
Dark Age
Ending age
Imperial Age
RankedLock teamsTeams togetherTeam positionsShared explorationLock speedFull tech treeHidden civsTurbo modeCheats
Victory
Defeat
🇪🇸 Burmese · Spain
1389
+18
🇮🇳 Dravidians · India
1435
-18
Personalizado
10:04 Feudal Age
9:07 Loom
14:19 Castle Age
17:01 Sanctity
19:35 Redemption
20:22 Town Watch
22:59 Fervor
25:20 Scale Barding Armor
32:17 Imperial Age
32:31 Bloodlines
BladeY
9:01 Feudal Age
12:46 Castle Age
11:10 Double-Bit Axe
13:39 Bow Saw
15:48 Loom
17:29 Town Watch
19:21 Crossbowman
19:53 Horse Collar
21:41 Fletching
22:18 Bodkin Arrow
23:29 Devotion
24:10 Wheelbarrow
24:58 Ballistics
24:47 Husbandry
25:41 Light Cavalry
31:46 Wheelbarrow
Connection lost

Rejoining the realm…

Still unreachable

The connection could not be restored.

Session expired

The server has moved on; the page needs a fresh start.